BBA
JACKSONVILLE HURRICANES @ EDMONTON JACKRABBITS
07/02/2058
 
TOP OF THE 1ST
Jacksonville Hurricanes batting - Pitching for Edmonton Jackrabbits : RHP Fletcher Brown
Pitching: RHP Fletcher Brown
Batting: LHB Bae Pae 0-0: Ball
1-0: Swinging Strike
1-1: Foul Ball, location: 3F
1-2: Strikes out looking
Batting: SHB Erik Wignes 0-0: Ball
1-0: Ground out 4-3 (Groundball, 4, EV 100.6 MPH)
Batting: LHB Pedro Hozven 0-0: Ball
1-0: Called Strike
1-1: Ball
2-1: Fly out, F8 (Flyball, 8RM, EV 81.9 MPH)
Top of the 1st over - 0 runs, 0 hits, 0 errors, 0 left on base; Jacksonville 0 - Edmonton 0
BOTTOM OF THE 1ST
Edmonton Jackrabbits batting - Pitching for Jacksonville Hurricanes : RHP Si-dao Yong
Pitching: RHP Si-dao Yong
Batting: RHB Scott Bell 0-0: Ball
1-0: Ball
2-0: Ground out 5-3 (Groundball, 56S, EV 88.8 MPH)
Batting: LHB Arturo López 0-0: Ball
1-0: Ball
2-0: Ball
3-0: Called Strike
3-1: Fly out, F5 (Popup, 5SF, EV 83.1 MPH)
Batting: LHB André Ly 0-0: Swinging Strike
0-1: Swinging Strike
0-2: Ball
1-2: Strikes out looking
Bottom of the 1st over - 0 runs, 0 hits, 0 errors, 0 left on base; Jacksonville 0 - Edmonton 0
TOP OF THE 2ND
Jacksonville Hurricanes batting - Pitching for Edmonton Jackrabbits : RHP Fletcher Brown
Batting: LHB Greg Godwin 0-0: Called Strike
0-1: Foul Ball, location: 2F
0-2: Strikes out swinging
Batting: SHB Daniel Pepper 0-0: Called Strike
0-1: Ball
1-1: Foul Ball, location: 7LMF
1-2: Ball
2-2: Ball
3-2: Strikes out swinging
Batting: LHB Pablo Lara 0-0: Ball
1-0: Foul Ball, location: 2F
1-1: Ball
2-1: Swinging Strike
2-2: Ball
3-2: Fly out, F8 (Line Drive, 89M, EV 84.4 MPH)
Top of the 2nd over - 0 runs, 0 hits, 0 errors, 0 left on base; Jacksonville 0 - Edmonton 0
BOTTOM OF THE 2ND
Edmonton Jackrabbits batting - Pitching for Jacksonville Hurricanes : RHP Si-dao Yong
Batting: RHB Ray Hoskins 0-0: Ball
1-0: Called Strike
1-1: Foul Ball, location: 2F
1-2: Fly out, F8 (Line Drive, 78D, EV 101.9 MPH)
Batting: LHB Matthew Woods 0-0: Ball
1-0: Ground out 5-3 (Groundball, 56, EV 86.9 MPH)
Batting: RHB Bob Pope 0-0: Fly out, F9 (Flyball, 9LS, EV 92.5 MPH)
Bottom of the 2nd over - 0 runs, 0 hits, 0 errors, 0 left on base; Jacksonville 0 - Edmonton 0
TOP OF THE 3RD
Jacksonville Hurricanes batting - Pitching for Edmonton Jackrabbits : RHP Fletcher Brown
Batting: SHB Roy O'Donnell 0-0: Ball
1-0: Called Strike
1-1: Fly out, F9 (Flyball, 89M, EV 93.1 MPH)
Batting: RHB Pepe Aragón 0-0: Ball
1-0: Ball
2-0: Ball
3-0: Base on Balls
Batting: RHB Don Colbert 0-0: Called Strike
0-1: Ball
1-1: Ball
2-1: Ball
Wild Pitch!
Pepe Aragón to second
3-1: Base on Balls
Batting: LHB Bae Pae 0-0: Ball
1-0: Ball
2-0: Swinging Strike
2-1: Ball
3-1: Foul Ball, location: 2F
3-2: Base on Balls
Pepe Aragón to third
Don Colbert to second
Batting: SHB Erik Wignes 0-0: Ball
1-0: Ball
2-0: Ball
3-0: Called Strike
3-1: Foul Ball, location: 7LSF
3-2: Strikes out swinging
Batting: LHB Pedro Hozven 0-0: DOUBLE (Flyball, 78XD, EV 99.4 MPH)
Pepe Aragón scores
Don Colbert scores
Bae Pae to third
Runner from 3rd tries for Home, SAFE, no throw by LF
Batting: LHB Greg Godwin 0-0: Ball
1-0: SINGLE (Flyball, 7S, EV 90.6 MPH)
Pedro Hozven to third
Runner from 3rd tries for Home, SAFE, throw by LF to home
Batting: SHB Daniel Pepper 0-0: Ball
1-0: Foul Ball, location: 2F
1-1: Swinging Strike
1-2: Foul Ball, location: 2LF
1-2: Ball
2-2: Ball
3-2: Foul Ball, location: 2F
3-2: Foul Ball, location: 5FF
3-2: SINGLE (Line Drive, 5D, EV 73.1 MPH)
Greg Godwin to second
Greg Godwin to third
Batting: LHB Pablo Lara 0-0: Ball
1-0: Foul Ball, location: 3DF
1-1: Ball
2-1: Fly out, F9 (Line Drive, 9LM, EV 109.4 MPH)
Top of the 3rd over - 4 runs, 3 hits, 0 errors, 2 left on base; Jacksonville 4 - Edmonton 0
BOTTOM OF THE 3RD
Edmonton Jackrabbits batting - Pitching for Jacksonville Hurricanes : RHP Si-dao Yong
Batting: RHB Dwight Hartsock 0-0: Ball
1-0: Called Strike
1-1: Ball
2-1: Ball
3-1: Base on Balls
Batting: RHB António Román 0-0: Ball
1-0: Ball
Wild Pitch!
Dwight Hartsock to second
2-0: Swinging Strike
2-1: Foul Ball, location: 5SF
2-2: Fly out, F8 (Flyball, 8LM, EV 80.6 MPH)
Batting: LHB Reggie Leeper 0-0: Ball
1-0: Called Strike
1-1: Foul Ball, location: 2F
1-2: Fly out, F9 (Flyball, 89XD, EV 96.3 MPH)
Runner from 2nd tags up, SAFE at 3rd, no throw by RF
Batting: RHB Scott Bell 0-0: Ball
1-0: SINGLE (Groundball, 4, EV 99.4 MPH) (infield hit)
Dwight Hartsock scores
Batting: LHB Arturo López 0-0: Ground out 5-3 (Groundball, 56, EV 103.1 MPH)
Bottom of the 3rd over - 1 run, 1 hit, 0 errors, 1 left on base; Jacksonville 4 - Edmonton 1
TOP OF THE 4TH
Jacksonville Hurricanes batting - Pitching for Edmonton Jackrabbits : RHP Fletcher Brown
Batting: SHB Roy O'Donnell 0-0: Ball
1-0: Ball
2-0: Called Strike
2-1: Called Strike
2-2: Ball
3-2: Strikes out swinging
Batting: RHB Pepe Aragón 0-0: Called Strike
0-1: DOUBLE (Line Drive, 89M, EV 90.0 MPH)
Batting: RHB Don Colbert 0-0: Called Strike
0-1: Foul Ball, location: 9LDF
0-2: SINGLE (Line Drive, 7S, EV 102.5 MPH)
Pepe Aragón to third
Batting: LHB Bae Pae 0-0: Ball
1-0: Called Strike
1-1: Ball
2-1: Ball
3-1: Foul Ball, location: 3F
3-2: Fly out, F5 (Popup, 5S, EV 73.8 MPH)
Pitching: RHP Keith Forrest
Batting: SHB Erik Wignes 0-0: Ball
1-0: DOUBLE (Line Drive, 7LM, EV 101.3 MPH)
Pepe Aragón scores
Don Colbert to third
Runner from 3rd tries for Home, SAFE, no throw by LF
Batting: LHB Pedro Hozven 0-0: Ball
1-0: Swinging Strike
1-1: Ball
2-1: Fly out, F8 (Flyball, 8LD, EV 90.0 MPH)
Top of the 4th over - 2 runs, 3 hits, 0 errors, 1 left on base; Jacksonville 6 - Edmonton 1
BOTTOM OF THE 4TH
Edmonton Jackrabbits batting - Pitching for Jacksonville Hurricanes : RHP Si-dao Yong
Batting: LHB André Ly 0-0: Called Strike
0-1: Ball
1-1: DOUBLE (Line Drive, 8RXD, EV 106.9 MPH)
Batting: RHB Ray Hoskins 0-0: Called Strike
0-1: Foul Ball, location: 9LMF
0-2: Strikes out swinging
Batting: LHB Matthew Woods 0-0: Called Strike
0-1: Fly out, F9 (Flyball, 89S, EV 89.4 MPH)
Batting: RHB Bob Pope 0-0: Swinging Strike
0-1: Ball
1-1: Fly out, F6 (Line Drive, 6, EV 70.6 MPH)
Bottom of the 4th over - 0 runs, 1 hit, 0 errors, 1 left on base; Jacksonville 6 - Edmonton 1
TOP OF THE 5TH
Jacksonville Hurricanes batting - Pitching for Edmonton Jackrabbits : RHP Keith Forrest
Batting: LHB Greg Godwin 0-0: Ball
1-0: Foul Ball, location: 2F
1-1: Foul Ball, location: 2F
1-2: Ground out 6-3 (Groundball, 6S, EV 65.6 MPH)
Batting: SHB Daniel Pepper 0-0: Foul Ball, location: 9LSF
0-1: Foul Ball, location: 5DF
0-2: Foul Ball, location: 7LMF
0-2: Strikes out looking
Batting: LHB Pablo Lara 0-0: Ball
1-0: Called Strike
1-1: Fly out, F9 (Flyball, 9, EV 92.5 MPH)
Top of the 5th over - 0 runs, 0 hits, 0 errors, 0 left on base; Jacksonville 6 - Edmonton 1
BOTTOM OF THE 5TH
Edmonton Jackrabbits batting - Pitching for Jacksonville Hurricanes : RHP Si-dao Yong
Batting: RHB Dwight Hartsock 0-0: Ball
1-0: Ball
2-0: Called Strike
2-1: Ball
3-1: Foul Ball, location: 2F
3-2: Ground out 4-3 (Groundball, 4, EV 101.3 MPH)
Batting: RHB António Román 0-0: Called Strike
0-1: Ball
1-1: Ball
2-1: Ball
3-1: Fly out, F5 (Popup, 5F, EV 73.8 MPH)
Batting: LHB Reggie Leeper 0-0: Ball
1-0: Swinging Strike
1-1: Foul Ball, location: 7LMF
1-2: Foul Ball, location: 23F
1-2: Fly out, F7 (Flyball, 78S, EV 77.5 MPH)
Bottom of the 5th over - 0 runs, 0 hits, 0 errors, 0 left on base; Jacksonville 6 - Edmonton 1
TOP OF THE 6TH
Jacksonville Hurricanes batting - Pitching for Edmonton Jackrabbits : RHP Keith Forrest
Batting: SHB Roy O'Donnell 0-0: Called Strike
0-1: Foul Ball, location: 2F
0-2: Ball
1-2: Ball
2-2: Strikes out swinging
Batting: RHB Pepe Aragón 0-0: Ball
1-0: Ball
2-0: Foul Ball, location: 5DF
2-1: Foul Ball, location: 2LF
2-2: Strikes out swinging, 2-3 out at first.
Pitching: LHP Brent Gilbert
Batting: RHB Don Colbert 0-0: Ball
1-0: Ball
2-0: Ball
3-0: Base on Balls
Batting: LHB Bae Pae 0-0: Ball
1-0: Ball
2-0: Ball
3-0: Called Strike
3-1: Base on Balls
Don Colbert to second
Batting: SHB Erik Wignes 0-0: Ball
1-0: Ball
2-0: SINGLE (Groundball, 4MD, EV 105.0 MPH)
Don Colbert to third
Bae Pae to second
Runner from 3rd tries for Home, SAFE, throw by CF to home
Batting: LHB Pedro Hozven 0-0: Called Strike
0-1: Called Strike
0-2: Strikes out looking
Top of the 6th over - 1 run, 1 hit, 0 errors, 2 left on base; Jacksonville 7 - Edmonton 1
BOTTOM OF THE 6TH
Edmonton Jackrabbits batting - Pitching for Jacksonville Hurricanes : RHP Si-dao Yong
Batting: RHB Scott Bell 0-0: Called Strike
0-1: Ball
1-1: Fly out, F8 (Flyball, 8RD, EV 94.4 MPH)
Batting: LHB Arturo López 0-0: DOUBLE (Line Drive, 89M, EV 93.8 MPH)
Batting: LHB André Ly 0-0: Called Strike
0-1: Ball
1-1: Ball
2-1: Swinging Strike
2-2: SINGLE (Flyball, 8RS, EV 91.3 MPH)
Arturo López to third
Batting: RHB Ray Hoskins 0-0: Ball
1-0: Called Strike
1-1: Ball
2-1: Grounds into double play, 2-4-3 (Groundball, 2L, EV 70.0 MPH)
Bottom of the 6th over - 0 runs, 2 hits, 0 errors, 1 left on base; Jacksonville 7 - Edmonton 1
TOP OF THE 7TH
Jacksonville Hurricanes batting - Pitching for Edmonton Jackrabbits : LHP Brent Gilbert
Batting: LHB Greg Godwin 0-0: Foul Ball, location: 2F
0-1: Foul Ball, location: 3FF
0-2: Ball
1-2: Ground out 5-3 (Groundball, 5L, EV 85.0 MPH)
Batting: SHB Daniel Pepper 0-0: Fly out, F3 (Popup, 34, EV 61.9 MPH)
Batting: LHB Pablo Lara 0-0: Foul Ball, location: 2F
0-1: Ball
1-1: Foul Ball, location: 7LMF
1-2: Ball
2-2: Ball
3-2: Foul Ball, location: 7LSF
3-2: Foul Ball, location: 7LMFF
3-2: Strikes out swinging
Top of the 7th over - 0 runs, 0 hits, 0 errors, 0 left on base; Jacksonville 7 - Edmonton 1
BOTTOM OF THE 7TH
Edmonton Jackrabbits batting - Pitching for Jacksonville Hurricanes : RHP Si-dao Yong
Batting: LHB Matthew Woods 0-0: Ball
1-0: Ball
2-0: Called Strike
2-1: Swinging Strike
2-2: Strikes out swinging
Batting: RHB Bob Pope 0-0: Foul Ball, location: 7LMF
0-1: Swinging Strike
0-2: Ball
1-2: Ball
2-2: Foul Ball, location: 23FF
2-2: Foul Ball, location: 2F
2-2: Foul Ball, location: 2F
2-2: Ball
3-2: Base on Balls
Batting: RHB Dwight Hartsock 0-0: Ball
1-0: Ball
2-0: Called Strike
2-1: Ball
3-1: Base on Balls
Bob Pope to second
Batting: RHB António Román 0-0: Called Strike
0-1: Called Strike
0-2: Foul Ball, location: 3FF
0-2: Fly out, F9 (Line Drive, 89M, EV 90.0 MPH)
Pitching: RHP Kevin Shepard
Batting: LHB Reggie Leeper 0-0: Ball
1-0: Called Strike
1-1: Swinging Strike
1-2: Strikes out swinging
Bottom of the 7th over - 0 runs, 0 hits, 0 errors, 2 left on base; Jacksonville 7 - Edmonton 1
TOP OF THE 8TH
Jacksonville Hurricanes batting - Pitching for Edmonton Jackrabbits : LHP Brent Gilbert
Pitching: RHP Bill Keefe
Batting: SHB Roy O'Donnell 0-0: Ball
1-0: Swinging Strike
1-1: Foul Ball, location: 5F
1-2: Strikes out looking
Batting: RHB Pepe Aragón 0-0: Called Strike
0-1: Fly out, F8 (Flyball, 8RD, EV 102.5 MPH)
Batting: RHB Don Colbert 0-0: Ball
1-0: Foul Ball, location: 9LMF
1-1: Swinging Strike
1-2: Ball
2-2: Foul Ball, location: 7LDF
2-2: Foul Ball, location: 2F
2-2: Foul Ball, location: 3F
2-2: Foul Ball, location: 7LSF
2-2: Ball
3-2: Base on Balls
Batting: LHB Bae Pae 0-0: Ball
1-0: Fly out, F9 (Flyball, 9, EV 91.9 MPH)
Top of the 8th over - 0 runs, 0 hits, 0 errors, 1 left on base; Jacksonville 7 - Edmonton 1
BOTTOM OF THE 8TH
Edmonton Jackrabbits batting - Pitching for Jacksonville Hurricanes : RHP Kevin Shepard
Batting: RHB Scott Bell 0-0: Ball
1-0: Ball
2-0: Ground out 1-3 (Groundball, 25, EV 65.6 MPH)
Batting: LHB Arturo López 0-0: Ball
1-0: Foul Ball, location: 5SF
1-1: Ball
2-1: Foul Ball, location: 9LDF
2-2: Fly out, F8 (Line Drive, 8RM, EV 98.1 MPH)
Batting: LHB André Ly 0-0: Ball
1-0: Ball
2-0: Ball
3-0: Called Strike
3-1: Base on Balls
Batting: RHB Ray Hoskins 0-0: Called Strike
0-1: Swinging Strike
0-2: Foul Ball, location: 25F
0-2: Foul Ball, location: 3SF
0-2: Ball
1-2: Foul Ball, location: 23F
1-2: Fielders Choice at 2nd, 5-4 (Groundball, 56, EV 76.3 MPH)
Bottom of the 8th over - 0 runs, 0 hits, 0 errors, 1 left on base; Jacksonville 7 - Edmonton 1
TOP OF THE 9TH
Jacksonville Hurricanes batting - Pitching for Edmonton Jackrabbits : RHP Bill Keefe
Batting: SHB Erik Wignes 0-0: Ground out 4-3 (Groundball, 4, EV 103.1 MPH)
Batting: LHB Pedro Hozven 0-0: Ball
1-0: Ground out 4-3 (Groundball, 4, EV 80.0 MPH)
Batting: LHB Greg Godwin 0-0: Called Strike
0-1: SINGLE (Flyball, 8RS, EV 94.4 MPH)
Batting: SHB Daniel Pepper 0-0: Foul Ball, location: 2F
0-1: Ground out 4-3 (Groundball, 4S, EV 65.6 MPH)
Top of the 9th over - 0 runs, 1 hit, 0 errors, 1 left on base; Jacksonville 7 - Edmonton 1
BOTTOM OF THE 9TH
Edmonton Jackrabbits batting - Pitching for Jacksonville Hurricanes : RHP Kevin Shepard
Batting: LHB Matthew Woods 0-0: Ground out 2-3 (Groundball, 15S, EV 69.4 MPH)
Batting: RHB Bob Pope 0-0: Called Strike
0-1: Ground out U3 (Groundball, 3L, EV 90.6 MPH)
Batting: RHB Dwight Hartsock 0-0: Called Strike
0-1: Ball
1-1: SINGLE (Line Drive, 34D, EV 93.8 MPH)
Batting: RHB António Román 0-0: Ball
1-0: Called Strike
1-1: Fly out, F4 (Line Drive, 3D, EV 70.6 MPH)
Bottom of the 9th over - 0 runs, 1 hit, 0 errors, 1 left on base; Jacksonville 7 - Edmonton 1
Sunday, March 10th , 2024 - OOTP Baseball 24.9 Build 78